TOP OF THE 1ST |
Atlanta Braves batting - Pitching for New York Mets : RHP Jack Flaherty
|
Pitching: RHP Jack Flaherty
|
|
Batting: LHB Mallex Smith
|
0-0: Called Strike 0-1: Ball 1-1: Bunt for hit to 13S - play at first, batter OUT! 1-3
|
Batting: RHB Adeiny Hechavarria
|
0-0: Bunt for hit to 5S - play at first, batter safe!
|
Batting: LHB Ben Gamel
|
0-0: Foul Ball, location: 2F 0-1: Ball 1-1: Called Strike 1-2: Foul Ball, location: 2F 1-2: Fly out, F8 (Line Drive, 8RM, EV 91.9 MPH)
|
Batting: LHB Kole Calhoun
|
0-0: Ball 1-0: Ball 2-0: Swinging Strike 2-1: Ball 3-1: Base on Balls Adeiny Hechavarria to second
|
Batting: RHB John Ryan Murphy
|
0-0: Ball 1-0: Called Strike 1-1: Fly out, F7 (Flyball, 7LM, EV 91.9 MPH)
|
Top of the 1st over - 0 runs, 1 hit, 0 errors, 2 left on base; Atlanta 0 - New York 0 |
BOTTOM OF THE 1ST |
New York Mets batting - Pitching for Atlanta Braves : RHP Mike Fiers
|
Pitching: RHP Mike Fiers
|
|
Batting: SHB Ian Happ
|
0-0: Ball 1-0: Ball 2-0: Ball 3-0: Called Strike 3-1: Foul Ball, location: 2F 3-2: Foul Ball, location: 2F 3-2: Base on Balls
|
Batting: RHB Starlin Castro
|
0-0: Ball 1-0: Called Strike 1-1: Fly out, F8 (Flyball, 8LXD, EV 97.5 MPH)
|
Batting: LHB Eddie Rosario
|
0-0: Ball 1-0: Called Strike 1-1: Called Strike 1-2: Ball 2-2: Fielders Choice at 2nd, 1-6 (Groundball, 34S, EV 82.5 MPH)
|
Batting: LHB Scott Schebler
|
0-0: Called Strike 0-1: 2-RUN HOME RUN (Flyball, 9D, EV 93.1 MPH), Distance : 403 ft
|
Batting: LHB Travis Shaw
|
0-0: Foul Ball, location: 2F 0-1: Foul Ball, location: 2F 0-2: Ball 1-2: Ball 2-2: Ball 3-2: Foul Ball, location: 2F 3-2: Foul Ball, location: 2F 3-2: Foul Ball, location: 2F 3-2: SINGLE (Groundball, 3D, EV 96.3 MPH)
|
Batting: SHB Ehire Adrianza
|
0-0: Foul Ball, location: 2F 0-1: Ball 1-1: Fly out, F6 (Popup, 6M, EV 68.1 MPH)
|
Bottom of the 1st over - 2 runs, 2 hits, 0 errors, 1 left on base; Atlanta 0 - New York 2 |
TOP OF THE 2ND |
Atlanta Braves batting - Pitching for New York Mets : RHP Jack Flaherty
|
Batting: RHB Ian Desmond
|
0-0: Foul Ball, location: 2F 0-1: Ball 1-1: Fly out, F8 (Flyball, 8LM, EV 91.9 MPH)
|
Batting: SHB Juniel Querecuto
|
0-0: Ball 1-0: Called Strike 1-1: SINGLE (Groundball, 4MD, EV 96.3 MPH)
|
Batting: RHB Pat Valaika
|
0-0: Ball 1-0: Ball 2-0: Ball 3-0: Called Strike 3-1: Called Strike 3-2: Foul Ball, location: 2F 3-2: Strikes out swinging
|
Batting: RHB Mike Fiers
|
0-0: Ball 1-0: Ball 2-0: Ground out 4-3 (Groundball, 4, EV 87.5 MPH)
|
Top of the 2nd over - 0 runs, 1 hit, 0 errors, 1 left on base; Atlanta 0 - New York 2 |
BOTTOM OF THE 2ND |
New York Mets batting - Pitching for Atlanta Braves : RHP Mike Fiers
|
Batting: RHB Salvador Perez
|
0-0: Ball 1-0: Ball 2-0: Ball 3-0: Fly out, F2 (Popup, 5SF, EV 81.3 MPH)
|
Batting: RHB Nick Ahmed
|
0-0: Ball 1-0: Swinging Strike 1-1: Foul Ball, location: 2F 1-2: Ground out 4-3 (Groundball, 4M, EV 82.5 MPH)
|
Batting: RHB Jack Flaherty
|
0-0: Swinging Strike 0-1: Called Strike 0-2: Ball 1-2: Strikes out swinging
|
Bottom of the 2nd over - 0 runs, 0 hits, 0 errors, 0 left on base; Atlanta 0 - New York 2 |
TOP OF THE 3RD |
Atlanta Braves batting - Pitching for New York Mets : RHP Jack Flaherty
|
Batting: LHB Mallex Smith
|
0-0: Ground out 5-3 (Groundball, 5, EV 100.0 MPH)
|
Batting: RHB Adeiny Hechavarria
|
0-0: Ground out 4-3 (Groundball, 34, EV 81.9 MPH)
|
Batting: LHB Ben Gamel
|
0-0: Ball 1-0: Ground out 3-1 (Groundball, 34, EV 78.8 MPH)
|
Top of the 3rd over - 0 runs, 0 hits, 0 errors, 0 left on base; Atlanta 0 - New York 2 |
BOTTOM OF THE 3RD |
New York Mets batting - Pitching for Atlanta Braves : RHP Mike Fiers
|
Batting: SHB Ian Happ
|
0-0: Foul Ball, location: 2F 0-1: Called Strike 0-2: Ball 1-2: Fly out, F3 (Line Drive, 3, EV 67.5 MPH)
|
Batting: RHB Starlin Castro
|
0-0: Swinging Strike 0-1: Foul Ball, location: 2F 0-2: SINGLE (Flyball, 9LS, EV 86.3 MPH)
|
Batting: LHB Eddie Rosario
|
0-0: Ball Wild Pitch! Starlin Castro to second 1-0: Foul Ball, location: 2F 1-1: Called Strike 1-2: Foul Ball, location: 2F 1-2: Foul Ball, location: 2F 1-2: Ball 2-2: Reached via error on a dropped throw from 1B, E1 (Groundball, 3S, EV 69.4 MPH) Starlin Castro to third
|
Batting: LHB Scott Schebler
|
0-0: Ball 1-0: Ball 2-0: Fly out, F7 (Flyball, 7LM, EV 83.8 MPH) Runner from 3rd tags up, SCORES, throw by LF
|
Batting: LHB Travis Shaw
|
0-0: Called Strike 0-1: Ball 1-1: Swinging Strike 1-2: Ball Eddie Rosario steals 2nd base 2-2: Fly out, F7 (Flyball, 7LM, EV 86.3 MPH)
|
Bottom of the 3rd over - 1 run, 1 hit, 1 error, 1 left on base; Atlanta 0 - New York 3 |
TOP OF THE 4TH |
Atlanta Braves batting - Pitching for New York Mets : RHP Jack Flaherty
|
Batting: LHB Kole Calhoun
|
0-0: Called Strike 0-1: Swinging Strike 0-2: Ball 1-2: Strikes out swinging
|
Batting: RHB John Ryan Murphy
|
0-0: Ball 1-0: Ball 2-0: Swinging Strike 2-1: DOUBLE (Line Drive, 89XD, EV 109.4 MPH)
|
Batting: RHB Ian Desmond
|
0-0: 2-RUN HOME RUN (Flyball, 7LD, EV 98.8 MPH), Distance : 337 ft
|
Batting: SHB Juniel Querecuto
|
0-0: Ball 1-0: Fly out, F7 (Line Drive, 7, EV 106.9 MPH)
|
Batting: RHB Pat Valaika
|
0-0: Fly out, F7 (Flyball, 7S, EV 90.0 MPH)
|
Top of the 4th over - 2 runs, 2 hits, 0 errors, 0 left on base; Atlanta 2 - New York 3 |
BOTTOM OF THE 4TH |
New York Mets batting - Pitching for Atlanta Braves : RHP Mike Fiers
|
Batting: SHB Ehire Adrianza
|
0-0: Called Strike 0-1: Foul Ball, location: 2F 0-2: Strikes out looking
|
Batting: RHB Salvador Perez
|
0-0: Ground out 5-3 (Groundball, 56S, EV 90.0 MPH)
|
Batting: RHB Nick Ahmed
|
0-0: Ball 1-0: Foul Ball, location: 2F 1-1: SINGLE (Groundball, 56D, EV 95.6 MPH)
|
Batting: RHB Jack Flaherty
|
0-0: Ball 1-0: Foul Ball, location: 2F 1-1: Foul Ball, location: 2F 1-2: Ground out 1-3 (Groundball, 13, EV 92.5 MPH)
|
Bottom of the 4th over - 0 runs, 1 hit, 0 errors, 1 left on base; Atlanta 2 - New York 3 |
TOP OF THE 5TH |
Atlanta Braves batting - Pitching for New York Mets : RHP Jack Flaherty
|
Batting: RHB Mike Fiers
|
0-0: Ball 1-0: Called Strike 1-1: Swinging Strike 1-2: Foul Ball, location: 2F 1-2: Foul Ball, location: 2F 1-2: Fly out, F8 (Line Drive, 8RM, EV 90.0 MPH)
|
Batting: LHB Mallex Smith
|
0-0: Called Strike 0-1: Bunt for hit to 23 - play at first, batter OUT! 3-4
|
Batting: RHB Adeiny Hechavarria
|
0-0: Ground out 4-3 (Groundball, 34, EV 79.4 MPH)
|
Top of the 5th over - 0 runs, 0 hits, 0 errors, 0 left on base; Atlanta 2 - New York 3 |
BOTTOM OF THE 5TH |
New York Mets batting - Pitching for Atlanta Braves : RHP Mike Fiers
|
Batting: SHB Ian Happ
|
0-0: Foul Ball, location: 2F 0-1: Fly out, F7 (Flyball, 7LM, EV 93.8 MPH)
|
Batting: RHB Starlin Castro
|
0-0: Ball 1-0: Ball 2-0: Foul Ball, location: 2F 2-1: Ball 3-1: Base on Balls
|
Batting: LHB Eddie Rosario
|
0-0: Ball 1-0: Ball 2-0: Ball 3-0: Called Strike 3-1: Foul Ball, location: 2F 3-2: 2-RUN HOME RUN (Flyball, 9D, EV 90.0 MPH), Distance : 389 ft
|
Pitching: RHP Frankie Montas
|
|
Batting: LHB Scott Schebler
|
0-0: Called Strike 0-1: SINGLE (Groundball, 4MD, EV 104.4 MPH)
|
Batting: LHB Travis Shaw
|
0-0: Ball 1-0: Foul Ball, location: 2F 1-1: Foul Ball, location: 2F 1-2: Ball 2-2: Foul Ball, location: 2F 2-2: SINGLE (Line Drive, 89S, EV 96.3 MPH) Scott Schebler to second
|
Batting: SHB Ehire Adrianza
|
0-0: Ball 1-0: Ball 2-0: Swinging Strike 2-1: Ball 3-1: Foul Ball, location: 2F 3-2: Base on Balls Scott Schebler to third Travis Shaw to second
|
Batting: RHB Salvador Perez
|
0-0: Called Strike 0-1: Ball 1-1: Swinging Strike 1-2: Ball 2-2: Foul Ball, location: 2F 2-2: Fly out, F8 (Flyball, 8LD, EV 93.1 MPH) Runner from 3rd tags up, OUT at HOME! 8-2
|
Bottom of the 5th over - 2 runs, 3 hits, 0 errors, 2 left on base; Atlanta 2 - New York 5 |
TOP OF THE 6TH |
Atlanta Braves batting - Pitching for New York Mets : RHP Jack Flaherty
|
Batting: LHB Ben Gamel
|
0-0: Ball 1-0: Fly out, F9 (Line Drive, 9D, EV 93.8 MPH)
|
Batting: LHB Kole Calhoun
|
0-0: Ball 1-0: Called Strike 1-1: Foul Ball, location: 2F 1-2: Ball 2-2: Foul Ball, location: 2F 2-2: Ball 3-2: Foul Ball, location: 2F 3-2: DOUBLE (Line Drive, 7LD, EV 111.9 MPH)
|
Batting: RHB John Ryan Murphy
|
0-0: Ball 1-0: Foul Ball, location: 2F 1-1: Ball 2-1: Foul Ball, location: 2F 2-2: Strikes out swinging
|
Batting: RHB Ian Desmond
|
0-0: Called Strike 0-1: Foul Ball, location: 2F 0-2: Ball 1-2: Strikes out swinging
|
Top of the 6th over - 0 runs, 1 hit, 0 errors, 1 left on base; Atlanta 2 - New York 5 |
BOTTOM OF THE 6TH |
New York Mets batting - Pitching for Atlanta Braves : RHP Frankie Montas
|
Batting: RHB Nick Ahmed
|
0-0: Called Strike 0-1: Ball 1-1: DOUBLE (Flyball, 78XD, EV 98.1 MPH)
|
Batting: RHB Jack Flaherty
|
0-0: Sac Bunt to 13S - play at first, batter OUT! 1-4 Nick Ahmed to third
|
Batting: SHB Ian Happ
|
0-0: Foul Ball, location: 2F 0-1: Ball 1-1: Ball 2-1: Called Strike 2-2: Ball 3-2: Base on Balls
|
Pitching: RHP Paul Blackburn
|
|
Now at 1B: Lucas Duda
|
|
Batting: RHB Starlin Castro
|
0-0: Ball Ian Happ is caught stealing 2nd base 2-4 1-0: Ball 2-0: Foul Ball, location: 2F 2-1: Foul Ball, location: 2F 2-2: Ball 3-2: Ground out 6-3 (Groundball, 6, EV 80.6 MPH)
|
Bottom of the 6th over - 0 runs, 1 hit, 0 errors, 1 left on base; Atlanta 2 - New York 5 |
TOP OF THE 7TH |
Atlanta Braves batting - Pitching for New York Mets : RHP Jack Flaherty
|
Batting: SHB Juniel Querecuto
|
0-0: Ball 1-0: Ground out U3 (Groundball, 3, EV 80.6 MPH)
|
Batting: RHB Pat Valaika
|
0-0: Foul Ball, location: 2F 0-1: Ball 1-1: Foul Ball, location: 2F 1-2: Foul Ball, location: 2F 1-2: Foul Ball, location: 2F 1-2: Ball 2-2: Foul Ball, location: 2F 2-2: SOLO HOME RUN (Flyball, 7D, EV 99.4 MPH), Distance : 358 ft
|
Batting: LHB Lucas Duda
|
0-0: Ball 1-0: Ball 2-0: Called Strike 2-1: Ball 3-1: Foul Ball, location: 2F 3-2: Foul Ball, location: 2F 3-2: Base on Balls
|
Pitching: RHP Corey Knebel
|
|
Batting: LHB Mallex Smith
|
0-0: Called Strike 0-1: Called Strike 0-2: Ball 1-2: Strikes out swinging
|
Pitching: RHP Eric Hanhold
|
|
Batting: RHB Adeiny Hechavarria
|
0-0: Ball Wild Pitch! Lucas Duda to second 1-0: Foul Ball, location: 2F 1-1: Called Strike 1-2: Foul Ball, location: 2F 1-2: Fly out, F9 (Flyball, 9S, EV 87.5 MPH)
|
Top of the 7th over - 1 run, 1 hit, 0 errors, 1 left on base; Atlanta 3 - New York 5 |
BOTTOM OF THE 7TH |
New York Mets batting - Pitching for Atlanta Braves : RHP Paul Blackburn
|
Batting: LHB Eddie Rosario
|
0-0: Ball 1-0: Called Strike 1-1: Ball 2-1: DOUBLE (Line Drive, 9LS, EV 103.8 MPH)
|
Batting: LHB Scott Schebler
|
0-0: Fly out, F6 (Flyball, 56D, EV 86.3 MPH)
|
Batting: LHB Travis Shaw
|
0-0: Intentional Walk
|
Batting: SHB Ehire Adrianza
|
0-0: Ball 1-0: Swinging Strike 1-1: Ground out 6-3 (Groundball, 6MD, EV 106.9 MPH) Eddie Rosario to third Travis Shaw to second
|
Batting: RHB Salvador Perez
|
0-0: Ball 1-0: Ground out 6-3 (Groundball, 6, EV 83.1 MPH)
|
Bottom of the 7th over - 0 runs, 1 hit, 0 errors, 2 left on base; Atlanta 3 - New York 5 |
TOP OF THE 8TH |
Atlanta Braves batting - Pitching for New York Mets : RHP Eric Hanhold
|
Batting: LHB Ben Gamel
|
0-0: Fly out, F7 (Flyball, 78S, EV 90.0 MPH)
|
Batting: LHB Kole Calhoun
|
0-0: Called Strike 0-1: Ball 1-1: Swinging Strike 1-2: Strikes out swinging
|
Batting: RHB John Ryan Murphy
|
0-0: Ball 1-0: Ball 2-0: Called Strike 2-1: Called Strike 2-2: Strikes out swinging
|
Top of the 8th over - 0 runs, 0 hits, 0 errors, 0 left on base; Atlanta 3 - New York 5 |
BOTTOM OF THE 8TH |
New York Mets batting - Pitching for Atlanta Braves : RHP Paul Blackburn
|
Batting: RHB Nick Ahmed
|
0-0: Called Strike 0-1: Ball 1-1: Foul Ball, location: 2F 1-2: Ball 2-2: Fly out, F7 (Flyball, 7S, EV 95.0 MPH)
|
Pinch Hitting: LHB Mike Moustakas
|
0-0: Ball 1-0: Foul Ball, location: 2F 1-1: Ground out U3 (Groundball, 3, EV 85.6 MPH)
|
Batting: SHB Ian Happ
|
0-0: Called Strike 0-1: Ball 1-1: Swinging Strike 1-2: Foul Ball, location: 2F 1-2: Ball 2-2: Strikes out looking
|
Bottom of the 8th over - 0 runs, 0 hits, 0 errors, 0 left on base; Atlanta 3 - New York 5 |
TOP OF THE 9TH |
Atlanta Braves batting - Pitching for New York Mets : RHP Eric Hanhold
|
Pitching: RHP Drew Steckenrider
|
|
Pinch Hitting: RHB Domingo Santana
|
0-0: Swinging Strike 0-1: Swinging Strike 0-2: Strikes out swinging
|
Batting: SHB Juniel Querecuto
|
0-0: Foul Ball, location: 2F 0-1: Ground out 6-3 (Groundball, 6, EV 100.6 MPH)
|
Batting: RHB Pat Valaika
|
0-0: Called Strike 0-1: Foul Ball, location: 2F 0-2: Foul Ball, location: 2F 0-2: Ball 1-2: Foul Ball, location: 2F 1-2: Fly out, F9 (Line Drive, 9, EV 90.0 MPH)
|
Top of the 9th over - 0 runs, 0 hits, 0 errors, 0 left on base; Atlanta 3 - New York 5 |
|